 Dungeon Crawl Stone Soup version 0.31-a0-43-g46d131a48f (webtiles) character file.

Game seed: 5018291316142343377

4434 pokeman the Thaumaturge (level 10, -2/53 HPs)
             Began as a Deep Elf Hedge Wizard on May 19, 2023.
             Was a Follower of Vehumet.
             Slain by a vampire (12 damage)
             ... on level 8 of the Dungeon on May 20, 2023.
             The game lasted 00:19:12 (8325 turns).

pokeman the Thaumaturge (Deep Elf Hedge Wizard)     Turns: 8325, Time: 00:19:13

Health: -2/53      AC:  8    Str: 17    XL:     10   Next: 14%
Magic:  27/37      EV: 13    Int: 24    God:    Vehumet [*.....]
Gold:   387        SH:  0    Dex: 14    Spells: 18/34 levels left

rFire   . . .        H - +6 short sword of the Freezing Eel {freeze, Str+4}
rCold   . . .        (no shield)
rNeg    . . .        P - +0 steam dragon scales
rPois   .            c - +0 hat
rElec   .            B - +0 cloak
rCorr   .            (no gloves)
SInv    .            t - +0 pair of boots
Will    +....        N - amulet of regeneration
Stlth   ++           D - +6 ring of strength
HPRegen 1.08/turn    G - ring of magical power
MPRegen 0.25/turn

%: no passive effects
@: on blink cooldown
A: no striking features
a: Renounce Religion


You were on level 8 of the Dungeon.
You worshipped Vehumet.
Vehumet was aware of your devotion.
You visited 2 branches of the dungeon, and saw 9 of its levels.

You collected 387 gold pieces.

Inventory:

Hand Weapons
 l - a +0 whip of venom
 A - a +3 quarterstaff of chaos
 H - the +6 short sword of the Freezing Eel (weapon) {freeze, Str+4}
   (You found it on level 7 of the Dungeon)

   Str:       It affects your strength (+4).
 J - a +0 demon blade
Missiles
 L - a throwing net
 O - 6 curare-tipped darts
Armour
 c - a +0 hat (worn)
 m - the +0 robe "Esie" {rF+ Str+3 Dex+2}
   (You found it on level 2 of the Dungeon)

   Str:       It affects your strength (+3).
   Dex:       It affects your dexterity (+2).
   rF:        It protects you from fire.
 t - a +0 pair of boots (worn)
 y - a +0 buckler
 B - a +0 cloak (worn)
 P - +0 steam dragon scales (worn)
Magical Staves
 a - a staff of conjuration
 r - a staff of poison
 w - a staff of earth
Jewellery
 D - a +6 ring of strength (left hand)
 G - a ring of magical power (right hand)
 N - an amulet of regeneration (around neck)
Wands
 I - a wand of iceblast (8)
 M - a wand of flame (10)
 R - a wand of mindburst (13)
Scrolls
 b - a scroll of teleportation {unknown}
 e - 2 scrolls of fear {unknown}
 f - 9 scrolls of identify {unknown}
 g - 2 scrolls of fog {unknown}
 h - 3 scrolls of magic mapping {unknown}
 i - a scroll of silence {unknown}
 p - 4 scrolls of immolation {unknown}
 q - 2 scrolls of enchant weapon {unknown}
 v - 3 scrolls of noise {unknown}
 x - a scroll of enchant armour {unknown}
 C - a scroll of poison {unknown}
 F - a scroll of torment {unknown}
 Q - a scroll of amnesia {unknown}
Potions
 d - a potion of magic
 j - 3 potions of curing {unknown}
 k - 5 potions of brilliance {unknown}
 n - a potion of degeneration {unknown}
 o - 2 potions of mutation {unknown}
 s - 3 potions of attraction {unknown}
 u - 8 potions of cancellation {unknown}
 z - a potion of haste {unknown}
 E - 2 potions of ambrosia {unknown}
 K - 2 potions of heal wounds {unknown}


   Skills:
 - Level 2.0 Fighting
 + Level 3.6 Armour
 - Level 3.0 Dodging
 - Level 3.0 Stealth
 - Level 3.0 Shields
 * Level 12.9 Spellcasting
 + Level 7.2 Conjurations
 - Level 1.1 Summonings
 - Level 1.1 Translocations
 + Level 5.1 Ice Magic
 - Level 1.0 Air Magic
 - Level 3.0 Earth Magic
 - Level 1.0 Poison Magic
 - Level 1.0 Evocations


You had 18 spell levels left.
You knew the following spells:

 Your Spells              Type           Power      Damage    Failure   Level
a - Magic Dart            Conj           100%       1d8       1%          1
b - Mephitic Cloud        Conj/Pois/Air  30%        N/A       3%          3
c - Call Imp              Summ           40%        N/A       3%          2
d - Blink                 Tloc           40%        N/A       3%          2
e - Stone Arrow           Conj/Erth      80%        3d12      1%          3
f - Freezing Cloud        Conj/Ice/Air   18%        6-21      17%         5

Your spell library contained the following spells:

 Spells                   Type           Power      Damage    Failure   Level
 Kiss of Death            Conj/Necr      100%       2d13      1%          1
 Ensorcelled Hibernation  Hex/Ice        54%        N/A       1%          2
 Dazzling Flash           Conj/Hex       64%        N/A       2%          3
 Passwall                 Tmut/Erth      18%        N/A       3%          2
 Poisonous Vapours        Pois/Air       40%        N/A       3%          2
 Slow                     Hex            60%        N/A       4%          1
 Cigotuvi's Dreadful Rot  Necr/Pois/Air  36%        N/A       4%          2
 Swiftness                Air            20%        N/A       8%          3
 Portal Projectile        Hex/Tloc       36%        N/A       10%         3
 Tukima's Dance           Hex            15%        N/A       12%         3
 Animate Armour           Summ/Erth      50%        N/A       17%         4
 Anguish                  Hex/Necr       7%         N/A       36%         4
 Blade Hands              Tmut           7%         N/A       73%         5
 Lehudib's Crystal Spear  Conj/Erth      20%        10d6      100%        8


Dungeon Overview and Level Annotations

Branches:
Dungeon (8/15)             Temple (1/1) D:4
   Lair: D:8-11

Altars:
Ashenzari
Cheibriados
Elyvilon
Gozag
Hepliaklqana
Kikubaaqudgha
Makhleb
Okawaru
Qazlal
Ru
Sif Muna
Trog
Uskayaw
Vehumet
Wu Jian
Xom
Yredelemnul
Zin
The Shining One

Shops:
D:1 :   D:3 (


Message History

Press: ? - help, Shift-Dir - straight line, f/p - sky beast
Aim: a sky beast (almost dead, 67% to hit)
The stone arrow hits the sky beast!!
You kill the sky beast!
Vehumet accepts your kill.
Unknown command.
A vampire is nearby!
Casting: Stone Arrow (safe; 1% risk of failure)
Confirm with . or Enter, or press ? or * to list all spells.
The spell is quite dangerous to miscast (17% risk of failure)!
Continue anyway?
Aiming: Freezing Cloud (quite dangerous; 17% risk of failure)
Press: ? - help, Dir - move target The vampire is engulfed in freezing vapours.
The vampire gestures wildly while chanting.
The vampire flickers and vanishes!
Deactivating autopickup; reactivate with Ctrl-A.
Casting: Freezing Cloud (quite dangerous; 17% risk of failure)
Confirm with . or Enter, or press ? or * to list all spells.
Aiming: Stone Arrow (safe; 1% risk of failure)
Press: ? - help, Shift-Dir - straight line The stone arrow hits something!
Something hits you! Something bites you.
Something draws strength from your injuries!
Unknown command.
Casting: Stone Arrow (safe; 1% risk of failure)
Confirm with . or Enter, or press ? or * to list all spells.
You blink.
Something draws life force from you!
Aiming: Magic Dart (safe; 1% risk of failure)
Press: ? - help, Q - select action, (/) - cycle Shift-Dir - straight line, f - you
Okay, then.
Unknown command.
Casting: Magic Dart (safe; 1% risk of failure)
Confirm with . or Enter, or press ? or * to list all spells.
Aiming: Stone Arrow (safe; 1% risk of failure)
Press: ? - help, Shift-Dir - straight line Something hits you!
Something bites you!
* * * LOW HITPOINT WARNING * * *
Something draws strength from your injuries!
Unknown command.
Something hits you!
You die...

. # #...........# #..#
...#.#)#)......###### #..#
........†...........### #..#
##...#.).........#....# #..#
###.#.#)#######.#.#..# #..#
.
#.#{#.....#.#....########..#
#.#5#.###.#................#
#.#<# #.{.#...##########..
#.### ###@................
#.. #.....†.........#.....
.. ....####.......#..#..#..
.. #..§....#o.#..#..
#..§.§..#V.#.....
#..°○☼..#..##.###
#......[.........
#.....####....##. ###.....


There were no monsters in sight!

Vanquished Creatures
  Joseph (D:8)
  A wyvern (D:7)
  Eustachio (D:6)
  3 yaks
  2 steam dragons (D:8)
  3 orc warriors
  2 ice beasts
  A sky beast (D:8)
  3 black bears
  A phantom (D:5)
  3 bullfrogs
  2 gnoll sergeants
  8 scorpions
  3 wights (D:6)
  3 killer bees (D:6)
  A howler monkey (D:6)
  10 hounds
  A jelly (D:5)
  4 orc priests
  A sleepcap (D:7)
  Crazy Yiuf (D:4)
  Terence (D:2)
  5 iguanas
  7 orc wizards
  15 gnolls
  5 adders
  2 worms
  2 dart slugs (D:2)
  18 orcs
  4 ball pythons
  5 bats
  7 endoplasms
  4 giant cockroaches
  10 goblins
  8 hobgoblins
  9 jackals
  8 kobolds
  3 quokkas
  2 frilled lizards
  7 rats
177 creatures vanquished.

Vanquished Creatures (collateral kills)
  A giant cockroach (D:6)
1 creature vanquished.

Vanquished Creatures (others)
  An orc (D:7)
1 creature vanquished.

Grand Total: 179 creatures vanquished

Notes
Turn   | Place    | Note
-------+----------+-------------------------------------------
     0 | D:1      | pokeman the Deep Elf Hedge Wizard began the quest for the
                  | Orb.
     0 | D:1      | Reached XP level 1. HP: 10/10 MP: 7/7
   232 | D:1      | Found Zalac's Book Boutique.
   246 | D:1      | Reached XP level 2. HP: 16/16 MP: 2/9
   585 | D:1      | Reached skill level 5 in Spellcasting
   889 | D:1      | Reached XP level 3. HP: 20/20 MP: 7/11
  1128 | D:2      | Identified the +0 robe "Esie" {rF+ Str+3 Dex+2}
  1148 | D:2      | Noticed Terence
  1155 | D:2      | Learned a level 3 spell: Mephitic Cloud
  1158 | D:2      | Learned a level 2 spell: Call Imp
  1161 | D:2      | Learned a level 2 spell: Blink
  1165 | D:2      | Learned a level 3 spell: Stone Arrow
  1174 | D:2      | Killed Terence
  1175 | D:2      | Reached skill level 1 in Fighting
  1175 | D:2      | Reached skill level 1 in Armour
  1182 | D:2      | Reached XP level 4. HP: 23/25 MP: 6/13
  2090 | D:3      | Found a burning altar of Makhleb.
  2340 | D:3      | Reached skill level 6 in Spellcasting
  2494 | D:3      | Found a sacrificial altar of Ru.
  2551 | D:3      | Reached XP level 5. HP: 22/29 MP: 8/15
  2853 | D:3      | Found Urphucai's Antique Weapon Boutique.
  2965 | D:4      | Found a staircase to the Ecumenical Temple.
  2983 | Temple   | Entered the Ecumenical Temple
  3136 | D:4      | Found an ornate altar of the Wu Jian Council.
  3350 | D:4      | Reached XP level 6. HP: 24/35 MP: 9/17
  3534 | D:4      | Found a glowing silver altar of Zin.
  3534 | D:4      | Found a glowing golden altar of the Shining One.
  3534 | D:4      | Found a white marble altar of Elyvilon.
  3622 | D:4      | Found a runed translucent door.
  3623 | D:4      | Noticed Crazy Yiuf
  3671 | D:4      | Reached skill level 7 in Spellcasting
  4200 | D:4      | Killed Crazy Yiuf
  4285 | D:5      | Entered Level 5 of the Dungeon
  4414 | D:5      | Reached skill level 1 in Air Magic
  4489 | D:5      | Reached XP level 7. HP: 27/39 MP: 16/20
  4490 | D:5      | Reached skill level 1 in Shields
  4558 | D:5      | Reached skill level 1 in Earth Magic
  4605 | D:5      | Reached skill level 8 in Spellcasting
  4605 | D:5      | Reached skill level 1 in Poison Magic
  4605 | D:5      | Reached skill level 1 in Evocations
  4632 | D:5      | Learned a level 5 spell: Freezing Cloud
  5084 | D:5      | Found a shimmering blue altar of Sif Muna.
  5263 | D:6      | Reached skill level 1 in Ice Magic
  5368 | D:6      | Found a broken altar of Ashenzari.
  5381 | D:6      | Reached XP level 8. HP: 24/44 MP: 10/22
  5476 | D:6      | Reached skill level 9 in Spellcasting
  5674 | D:6      | Found a shimmering altar of Xom.
  5775 | D:6      | Reached skill level 5 in Conjurations
  5854 | D:6      | Reached skill level 10 in Spellcasting
  5861 | D:6      | Noticed Eustachio
  5870 | D:6      | Killed Eustachio
  5990 | D:6      | Found a radiant altar of Vehumet.
  6007 | D:6      | Became a worshipper of Vehumet
  6086 | D:6      | Found a runed translucent door.
  6088 | D:6      | Found a runed translucent door.
  6440 | D:6      | Reached XP level 9. HP: 48/48 MP: 25/25
  6602 | D:7      | Reached skill level 11 in Spellcasting
  6795 | D:7      | Identified the +6 short sword of the Freezing Eel {freeze,
                  | Str+4}
  7016 | D:7      | Reached * piety under Vehumet
  7016 | D:7      | Offered knowledge of Kiss of Death by Vehumet.
  7149 | D:7      | Got the Vellum of the Evil Eye
  7638 | D:8      | Reached skill level 12 in Spellcasting
  7646 | D:7      | HP: 1/48 [yak (16)]
  8006 | D:8      | Reached XP level 10. HP: 46/53 MP: 27/28
  8068 | D:8      | Noticed Joseph
  8084 | D:8      | Killed Joseph
  8085 | D:8      | Reached skill level 5 in Ice Magic
  8325 | D:8      | Slain by a vampire

Illustrated notes

Levels and vault maps discovered:
D:1:      saegor_arrival_simple_d, layout_basic, serial_shops,
          nicolae_book_shop_shelving
D:2:      layout_basic, uniq_terence
D:3:      layout_loops_cross, lemuel_doored_altar, lemuel_crystal_altar,
          serial_shops, shop, minmay_distorted
D:4:      layout_loops_cross, dreamdust_divine_triumvirate,
          kennysheep_little_box, minmay_temple_entry_junction,
          kennysheep_small_circle, uniq_crazy_yiuf_cottage
D:5:      layout_cave_pools, tgw_sif
D:6:      lemuel_insect_pit, layout_gridville,
          mainiacjoe_overflow_concentric_impassable, evilmike_ruin_ashenzari,
          nicolae_overflow_crystal_walls, uniq_eustachio
D:7:      layout_rooms, minmay_misc_feat_room, lightli_corner_chamber
D:8:      layout_basic, minmay_misc_feat_x, uniq_joseph
Temple:   nicolae_temple_figure_zero

Skill      XL: |  1  2  3  4  5  6  7  8  9 10 |
---------------+-------------------------------+-----
Spellcasting   | 5 6 7 8 10 12 | 12.9
Fighting       | 1 2 |  2.0
Armour         | 1 2 3 |  3.6
Conjurations   | 2 3 4 5 7 |  7.2
Dodging        | 3 |  3.0
Stealth        | 3 |  3.0
Air Magic      | 1 |  1.0
Shields        | 1 2 3 |  3.0
Earth Magic    | 2 3 |  3.0
Poison Magic   | 1 |  1.0
Evocations     | 1 |  1.0
Ice Magic      | 1 2 4 5 |  5.1
Summonings     | |  1.1
Translocations | |  1.1

Action                     |  1- 3 |  4- 6 |  7- 9 | 10-12 || total
---------------------------+-------+-------+-------+-------++-------
  Melee: Dagger            |     2 |       |       |       ||     2
         Whip              |    10 |    75 |    52 |       ||   137
         Punch             |       |     1 |       |       ||     1
         Short sword       |       |       |    39 |       ||    39
   Cast: Magic Dart        |    71 |   112 |    46 |       ||   229
         Mephitic Cloud    |     2 |    14 |    30 |     3 ||    49
         Stone Arrow       |       |       |    81 |    11 ||    92
         Blink             |       |       |     1 |     1 ||     2
         Freezing Cloud    |       |       |       |     1 ||     1
         Call Imp          |       |       |       |     1 ||     1
   Stab: Confused          |     2 |     7 |    10 |       ||    19
         Distracted        |       |       |     1 |       ||     1
 Armour: Robe              |     6 |    15 |    24 |       ||    45
  Dodge: Dodged            |    20 |    47 |    65 |     3 ||   135

Table legend: (Time is in decaauts)
 A = Elapsed time spent in this place.
 B = Non-inter-level travel time spent in this place.
 C = Inter-level travel time spent in this place.
 D = Time resting spent in this place.
 E = Time spent auto-exploring this place.
 F = Levels seen in this place.
 G = Mean time per level.
                   A        B        C        D        E       F      G
               +--------+--------+--------+--------+--------+-----+--------+
         Total |   8341 |   8066 |    275 |    583 |   6205 |   9 |  926.8 |
       Dungeon |   8206 |   7940 |    266 |    583 |   6082 |   8 | 1025.8 |
        Temple |    134 |    125 |      9 |      0 |    123 |   1 |  134.0 |
               +--------+--------+--------+--------+--------+-----+--------+

Top non-repeatable levels by time:
     D:6: 1482 daAuts
     D:4: 1312 daAuts
     D:7: 1261 daAuts
     D:1: 1121 daAuts
     D:3: 937 daAuts
     D:2: 880 daAuts
     D:5: 851 daAuts
     D:8: 358 daAuts
  Temple: 134 daAuts
